 Dungeon Crawl Stone Soup version 0.32-a0-675-gdc239d62e1 (webtiles) character file.

Game seed: 4164247798882317695

16121 Essalna the Arsonist (level 12, -3/106 HPs)
             Began as a Mountain Dwarf Fire Elementalist on Mar 11, 2024.
             Was an Elder of Vehumet.
             Slain by a death yak (7 damage)
             ... while petrified by a catoblepas
             ... on level 2 of the Lair of Beasts.
             The game lasted 00:24:19 (12567 turns).

Essalna the Arsonist (MDFE)                        Turns: 12567, Time: 00:24:19

Health: -3/106     AC: 11    Str: 12    XL:     12   Next: 7%
Magic:  16/24      EV:  2    Int: 23    God:    Vehumet [****..]
Gold:   281        SH:  0    Dex: 13    Spells: 15/27 levels left

rFire   + . .        h - +9 war axe "Rulefume" {freeze, Fly rPois Will+ Dex+3}
rCold   + . .        (no shield)
rNeg    + + +        n - +2 robe {rC+ rF+}
rPois   ∞            r - +1 helmet {Int+3}
rElec   .            (no cloak)
rCorr   +            (no gloves)
SInv    .            (no boots)
Will    ++...        x - amulet of regeneration
Stlth   ++           q - ring of resist corrosion
HPRegen 1.17/turn    H - +4 ring of protection
MPRegen 0.19/turn

%: no passive effects
@: petrified, flying
A: runic magic, artefact enchanting
a: Renounce Religion


You were on level 2 of the Lair of Beasts.
You worshipped Vehumet.
Vehumet was greatly pleased with you.
You visited 3 branches of the dungeon, and saw 13 of its levels.

You collected 625 gold pieces.
You spent 344 gold pieces at shops.

Inventory:

Hand Weapons
 c - a +0 short sword
 h - the +9 war axe "Rulefume" (weapon) {freeze, Fly rPois Will+ Dex+3}
   (You found it on level 2 of the Dungeon)

   Dex+3:     It affects your dexterity (+3).
   rPois:     It protects you from poison.
   Will+:     It increases your willpower.
   Fly:       It grants you flight.
Missiles
 u - 6 throwing nets
Armour
 n - a +2 robe of resistance (worn)
 r - a +1 helmet of intelligence (worn)
Jewellery
 i - a ring of fire
 q - a ring of resist corrosion (left hand)
 s - a ring of ice
 x - an amulet of regeneration (around neck)
 H - a +4 ring of protection (right hand)
 O - an amulet of reflection
 T - an amulet of magic regeneration
Wands
 B - a wand of flame (40)
 E - a wand of roots (27)
 L - a wand of charming (13)
 P - a wand of digging (7)
 Q - a wand of quicksilver (14)
 U - a wand of mindburst (4)
Scrolls
 d - a scroll of vulnerability
 j - 2 scrolls of poison
 m - 2 scrolls of enchant weapon
 o - 5 scrolls of teleportation
 p - 2 scrolls of fog
 v - 2 scrolls of amnesia
 y - 3 scrolls of noise
 A - 2 scrolls of blinking
 C - 2 scrolls of immolation
 F - a scroll of brand weapon
 J - 2 scrolls of summoning
 K - 2 scrolls of fear
 S - a scroll of torment
 Y - 2 scrolls of identify
Potions
 b - a potion of magic
 e - a potion of haste {unknown}
 g - 3 potions of heal wounds
 k - 2 potions of mutation {unknown}
 l - a potion of attraction {unknown}
 w - 3 potions of berserk rage
 z - 2 potions of degeneration {unknown}
 D - 2 potions of lignification
 G - 2 potions of curing {unknown}
 I - a potion of might {unknown}
 M - a potion of brilliance {unknown}
 N - a potion of cancellation {unknown}
 R - a potion of resistance
 V - a potion of ambrosia {unknown}
Miscellaneous
 X - a phantom mirror


   Skills:
 + Level 10.2 Fighting
 + Level 10.3 Armour
 - Level 1.3 Dodging
 - Level 1.4 Stealth
 - Level 8.0 Spellcasting
 - Level 6.0 Conjurations
 + Level 12.1 Fire Magic


You had 15 spell levels left.
You knew the following spells:

 Your Spells              Type           Power      Damage    Failure   Level
a - Foxfire               Conj/Fire      100%       2x1d9     1%          1
b - Scorch                Fire           100%       2d9       1%          2
c - Flame Wave            Conj/Fire      50%        2d12      1%          4
d - Iskenderun's Battles  Conj           36%        2d9       4%          5

Your spell library contained the following spells:

 Spells                   Type           Power      Damage    Failure   Level
 Sticky Flame             Fire/Alch      37%        2d8       1%          4
 Freeze                   Ice            36%        1d5       1%          1
 Hailstorm                Conj/Ice       23%        3d7       1%          3
 Inner Flame              Hex/Fire       37%        N/A       1%          3
 Volatile Blastmotes      Fire/Tloc      74%        2d16      1%          3
 Fireball                 Conj/Fire      25%        3d11      1%          5
 Frozen Ramparts          Ice            18%        1d3       5%          3
 Brom's Barrelling Bould  Conj/Erth      23%        2d4       5%          4
 Iskenderun's Mystic Bla  Conj/Tloc      23%        2d6       5%          4
 Cigotuvi's Dreadful Rot  Necr/Alch/Air  18%        N/A       11%         2
 Tukima's Dance           Hex            9%         N/A       21%         3
 Vampiric Draining        Necr           9%         2d6       21%         3
 Dimensional Bullseye     Hex/Tloc       4%         N/A       56%         4
 Conjure Ball Lightning   Conj/Air       11%        3x3d6     58%         6
 Orb of Destruction       Conj           18%        9d8       73%         7
 Death Channel            Necr           4%         N/A       100%        6


Dungeon Overview and Level Annotations

Branches:
Dungeon (10/15)            Temple (1/1) D:4            Lair (2/5) D:8
 Spider (0/4) Lair:2          Orc (0/2) D:9
  Swamp: Lair:2-3    Shoals: Lair:2-3

Altars:
Ashenzari
Cheibriados
Dithmenos
Elyvilon
Fedhas
Gozag
Hepliaklqana
Kikubaaqudgha
Makhleb
Nemelex Xobeh
Okawaru
Qazlal
Ru
Sif Muna
Trog
Uskayaw
Vehumet
Wu Jian
Xom
Yredelemnul
Zin
The Shining One
Beogh

Shops:
D:8 ?   D:9 [(!:   D:10 (


Innate Abilities, Weirdness & Mutations

Your spellcasting is much less encumbered by armour.
You can use scrolls of enchantment on lesser artefacts.


Message History

You hear a bellow!
The catoblepas gores you. The catoblepas gores you!!
You have turned to stone.
The catoblepas gores you!!
The death yak bellows!
The catoblepas snuffles in challenge.
The catoblepas gores you!
The catoblepas breathes a plume of calcifying dust at you.
The blast of calcifying dust hits you.
You are engulfed in calcifying dust.
The catoblepas stomps with a crash on the ground.
The catoblepas gores you!
You are engulfed in calcifying dust.
The catoblepas gores you but does no damage.
The death yak gores you.
You are engulfed in calcifying dust.
The catoblepas breathes a plume of calcifying dust at you.
The blast of calcifying dust hits you but does no damage.
The death yak gores you!
You are engulfed in calcifying dust.
The death yak gores you! The catoblepas gores you. The death yak gores you!
* * * LOW HITPOINT WARNING * * *
You are engulfed in calcifying dust.
The death yak gores you.
* * * LOW HITPOINT WARNING * * *
The catoblepas gores you!
* * * LOW HITPOINT WARNING * * *
The death yak gores you!
* * * LOW HITPOINT WARNING * * *
The death yak gores you.
* * * LOW HITPOINT WARNING * * *
The death yak gores you!
* * * LOW HITPOINT WARNING * * *
The catoblepas breathes a plume of calcifying dust at you.
The blast of calcifying dust hits you but does no damage.
The death yak gores you!
* * * LOW HITPOINT WARNING * * *
The death yak gores you.
You are engulfed in calcifying dust.
The death yak gores you.
* * * LOW HITPOINT WARNING * * *
The catoblepas barely misses you. The death yak gores you!
You die...

#..P...P.....#..###.##.......#
.........#....#.##..##.......#
............#................#
.>##..[.#...................##
#..#.#......###...........#
#...>..#..§.###.#.........P
.###>..#...÷.###..#..........
..#.....#..Y§####.#.†##....##
.....#÷.#.÷Y@.###....###...#
.......÷...YYY....#...##...##
#..#..÷..#.#..†.#.##..###.....
###....÷..÷.....#.........#.##
##.....÷..#..................
........###...#P#...###.#.###
.....##.#.#..####...##.##..#
###P....##..## ##..##.#.#.##
##§#..#....# #...#####.##


You could see 4 death yaks and a catoblepas.

Vanquished Creatures
  Harold (Lair:2)
  A hydra (Lair:2)
  A catoblepas (Lair:2)
  A two-headed ogre (D:8)
  Amaemon (Lair:1)
  Pikel (D:9)
  2 black mambas
  An orange demon (Lair:1)
  3 rime drakes (Lair:2)
  2 komodo dragons
  Psyche (D:9)
  3 blink frogs (Lair:2)
  Prince Ribbit (D:8)
  3 wyverns
  23 yaks
  A vampire (D:10)
  3 basilisks
  A wraith (D:10)
  A steam dragon (D:8)
  2 vampire mosquitoes (D:10)
  7 water moccasins
  An acid dragon (D:9)
  Duvessa (D:4)
  An ice beast (D:7)
  5 orc warriors
  2 black bears (D:5)
  3 wolves (Lair:1)
  A centaur (D:7)
  An ogre (D:5)
  A phantom (D:5)
  4 lemures (D:9)
  3 kobold brigands
  4 bullfrogs (Lair:2)
  2 gnoll sergeants
  4 scorpions
  5 wights (D:8)
  Dowan (D:4)
  8 killer bees (D:10)
  2 howler monkeys
  2 hounds (D:6)
  2 bombardier beetles (D:6)
  2 jellies
  4 orc priests
  A gnoll bouda (D:10)
  2 iguanas (D:5)
  10 orc wizards
  16 gnolls
  13 adders
  2 shadow imps
  A white imp (D:7)
  6 ufetubi
  3 dart slugs
  2 ribbon worms
  31 orcs
  8 ball pythons
  8 endoplasms
  5 giant cockroaches
  8 goblins
  10 hobgoblins
  6 jackals (D:2)
  8 quokkas
  4 frilled lizards
  23 kobolds
  7 rats
293 creatures vanquished.

Vanquished Creatures (collateral kills)
  11 foxfires
11 creatures vanquished.

Vanquished Creatures (others)
  872 foxfires
872 creatures vanquished.

Grand Total: 1176 creatures vanquished

Notes
Turn   | Place    | Note
-------+----------+-------------------------------------------
     0 | D:1      | Essalna the Mountain Dwarf Fire Elementalist began the
                  | quest for the Orb.
     0 | D:1      | Reached XP level 1. HP: 14/14 MP: 3/3
    60 | D:1      | Reached skill level 1 in Conjurations
   125 | D:1      | Reached XP level 2. HP: 20/20 MP: 0/5
   506 | D:1      | Reached skill level 4 in Fire Magic
  1277 | D:1      | Learned a level 2 spell: Scorch
  1611 | D:2      | Reached XP level 3. HP: 26/26 MP: 1/6
  1890 | D:2      | Got the Almanac of Gloomy Topology
  1948 | D:2      | Identified the +9 war axe "Rulefume" {freeze, Fly rPois
                  | Will+ Dex+3}
  2300 | D:2      | Found a faded altar of an unknown god.
  2618 | D:3      | Reached XP level 4. HP: 33/33 MP: 7/7
  2637 | D:3      | Reached skill level 1 in Armour
  2882 | D:3      | Learned a level 4 spell: Flame Wave
  3651 | D:4      | Reached XP level 5. HP: 39/39 MP: 4/9
  3656 | D:4      | Identified the +6 short sword "Posyuga" {pain, rElec Int+2}
  3838 | D:4      | Found a white marble altar of Elyvilon.
  3846 | D:4      | Noticed Duvessa
  3848 | D:4      | Noticed Dowan
  3895 | D:4      | Found a burning altar of Makhleb.
  3918 | D:4      | Reached skill level 1 in Fighting
  4029 | D:4      | Found a staircase to the Ecumenical Temple.
  4039 | Temple   | Entered the Ecumenical Temple
  4064 | Temple   | Became a worshipper of Vehumet
  4156 | D:4      | Killed Duvessa
  4157 | D:4      | Reached skill level 5 in Fire Magic
  4161 | D:4      | Killed Dowan
  4162 | D:4      | Reached XP level 6. HP: 48/48 MP: 0/10
  4650 | D:4      | Found an ancient bone altar of Kikubaaqudgha.
  4671 | D:4      | Found a shimmering blue altar of Sif Muna.
  4771 | D:5      | Entered Level 5 of the Dungeon
  4998 | D:5      | Identified the +4 ring mail of the Kraken {Slay+2}
  5016 | D:5      | Reached XP level 7. HP: 56/56 MP: 12/12
  5251 | D:5      | Reached skill level 6 in Fire Magic
  5703 | D:6      | Reached XP level 8. HP: 66/66 MP: 9/14
  5751 | D:6      | Reached * piety under Vehumet
  5751 | D:6      | Offered knowledge of Sandblast by Vehumet.
  6231 | D:6      | Found a glowing silver altar of Zin.
  6537 | D:7      | Learned a level 5 spell: Iskenderun's Battlesphere
  6588 | D:7      | Reached skill level 7 in Fire Magic
  6599 | D:7      | Reached skill level 5 in Armour
  7202 | D:7      | Reached ** piety under Vehumet
  7205 | D:7      | Offered knowledge of Magic Dart by Vehumet.
  7249 | D:8      | Reached skill level 5 in Fighting
  7394 | D:8      | Found a staircase to the Lair.
  7446 | D:8      | Noticed Prince Ribbit
  7455 | D:8      | Killed Prince Ribbit
  7456 | D:8      | Reached XP level 9. HP: 74/74 MP: 8/16
  7541 | D:8      | Noticed a two-headed ogre
  7545 | D:8      | Killed a two-headed ogre
  7546 | D:8      | Reached skill level 5 in Spellcasting
  7546 | D:8      | Reached skill level 5 in Conjurations
  7546 | D:8      | Reached skill level 8 in Fire Magic
  8025 | D:8      | Found Fiatumiz's Magic Scroll Shoppe.
  8031 | D:8      | Bought a scroll of teleportation for 36 gold pieces
  8031 | D:8      | Bought a scroll of blinking for 90 gold pieces
  8315 | D:9      | Offered knowledge of Mephitic Cloud by Vehumet.
  8316 | D:9      | Noticed Pikel
  8319 | D:9      | Reached XP level 10. HP: 51/84 MP: 13/18
  8321 | D:9      | Reached skill level 9 in Fire Magic
  8321 | D:9      | Noticed Psyche
  8328 | D:9      | Killed Psyche
  8330 | D:9      | Killed Pikel
  8333 | D:9      | Reached *** piety under Vehumet
  8430 | D:9      | Identified the +14 plate armour "Ficah" {Harm *Corrode rC++
                  | SInv}
  8463 | D:9      | Found Vereergh's Book Shoppe.
  8508 | D:9      | Found Edghurgh's Distillery.
  8607 | D:9      | Found Nubuymm's Antique Weapon Shop.
  8642 | D:9      | Found Coping's Antique Armour Emporium.
  8670 | D:9      | Bought a pair of spiked boots for 218 gold pieces
  8670 | D:9      | Identified the +0 pair of boots of the Furrier {^Contam
                  | rCorr Str-5 Stlth+} (You bought it in a shop on level 9 of
                  | the Dungeon)
  8814 | D:9      | Found a staircase to the Orcish Mines.
  8858 | D:9      | Found a roughly hewn altar of Beogh.
  8868 | D:9      | Offered knowledge of Ignite Poison by Vehumet.
  9153 | D:9      | Found an iron altar of Okawaru.
  9293 | D:9      | Found a shimmering altar of Xom.
  9405 | D:10     | Entered Level 10 of the Dungeon
  9651 | D:10     | Found Qistyv's Weapon Boutique.
  9654 | D:10     | Reached **** piety under Vehumet
  9902 | D:10     | Reached skill level 10 in Fire Magic
 10414 | Lair:1   | Entered Level 1 of the Lair of Beasts
 10562 | Lair:1   | Noticed an orange demon
 10576 | Lair:1   | Identified the flux talisman of Pride {Fly rF+}
 10590 | Lair:1   | Noticed Amaemon
 10602 | Lair:1   | Killed an orange demon
 10603 | Lair:1   | Reached XP level 11. HP: 94/94 MP: 13/21
 10619 | Lair:1   | Killed Amaemon
 10619 | Lair:1   | Offered knowledge of Sticky Flame by Vehumet.
 11089 | Lair:1   | Reached skill level 11 in Fire Magic
 11975 | Lair:2   | Noticed a catoblepas
 12002 | Lair:2   | Killed a catoblepas
 12108 | Lair:2   | Reached skill level 10 in Armour
 12152 | Lair:2   | Noticed a four-headed hydra
 12160 | Lair:2   | Killed a four-headed hydra
 12231 | Lair:2   | Reached skill level 10 in Fighting
 12231 | Lair:2   | Reached skill level 12 in Fire Magic
 12231 | Lair:2   | Reached XP level 12. HP: 106/106 MP: 17/24
 12291 | Lair:2   | Noticed a catoblepas
 12298 | Lair:2   | Noticed Harold
 12337 | Lair:2   | Found a hole to the Spider Nest.
 12376 | Lair:2   | Noticed a death yak
 12377 | Lair:2   | Noticed a death yak
 12379 | Lair:2   | Noticed a death yak
 12379 | Lair:2   | Noticed a death yak
 12464 | Lair:2   | Killed Harold
 12566 | Lair:2   | HP: 5/106 [death yak (6)]
 12567 | Lair:2   | Slain by a death yak

Illustrated notes

Levels and vault maps discovered:
D:1:      giann_forest_graveyard, layout_basic, nicolae_figureground_pulse
D:2:      layout_basic, shapermc_ecumenical_altar_hornbeckon
D:3:      layout_basic
D:4:      layout_gridville, mainiacjoe_overflow_tiny_flanked, kennysheep_mini,
          mainiacjoe_overflow_catch_the_wave, minmay_temple_entry_nine_rooms,
          uniq_duvessa
D:5:      layout_rooms
D:6:      layout_rooms, zin_scriptorium
D:7:      layout_loops_ring, nrook_loot_triangle
D:8:      layout_basic, dpeg_oklobed_lair, serial_shops, shop,
          uniq_prince_ribbit1
D:9:      layout_basic, mainiacjoe_overflow_alcove_2,
          kennysheep_okawaru_gauntlet, minmay_orc_entry_temple_small,
          serial_shops, nicolae_diamond_shop, shop, shop, shop, uniq_pikel,
          uniq_psyche
D:10:     layout_basic, serial_shops, nicolae_shop_bloodbath_and_beyond
Temple:   nicolae_temple_superstar
Lair:1:   layout_small_grid, uniq_amaemon
Lair:2:   dreamdust_labyrinth, layout_loops_ring, dummy_spider_entry,
          chequers_serial_rivers_marsh, hangedman_lair_generics_rect,
          uniq_harold

Skill      XL: |  1  2  3  4  5  6  7  8  9 10 11 |
---------------+----------------------------------+-----
Conjurations   | 1 2 3 4 5 6 |  6.0
Spellcasting   | 2 3 4 5 6 8 |  8.0
Fire Magic     | 4 5 6 7 8 10 12 | 12.1
Armour         | 1 2 3 4 5 6 8 10 | 10.3
Fighting       | 1 2 3 5 6 8 10 | 10.2
Dodging        | |  1.3
Stealth        | |  1.4

Action                     |  1- 3 |  4- 6 |  7- 9 | 10-12 || total
---------------------------+-------+-------+-------+-------++-------
  Melee: Unarmed           |     8 |       |       |       ||     8
         Short sword       |    15 |       |       |       ||    15
         War axe           |    20 |    25 |    71 |    52 ||   168
   Cast: Foxfire           |    72 |   104 |   116 |   200 ||   492
         Scorch            |     1 |     9 |    42 |    37 ||    89
         Flame Wave        |       |       |     2 |    21 ||    23
         Iskenderun's Batt |       |       |       |    10 ||    10
    Use: Scroll            |       |       |     9 |     3 ||    12
         Potion            |       |       |       |     4 ||     4
   Stab: Sleeping          |     2 |     1 |     2 |       ||     5
 Armour: Robe              |    19 |    20 |   102 |   178 ||   319
         Skin              |       |       |       |    25 ||    25
  Dodge: Dodged            |    30 |    30 |   105 |    90 ||   255

Table legend: (Time is in decaauts)
 A = Elapsed time spent in this place.
 B = Non-inter-level travel time spent in this place.
 C = Inter-level travel time spent in this place.
 D = Time resting spent in this place.
 E = Time spent auto-exploring this place.
 F = Levels seen in this place.
 G = Mean time per level.
                   A        B        C        D        E       F      G
               +--------+--------+--------+--------+--------+-----+--------+
         Total |  12659 |  12178 |    481 |    129 |  10179 |  13 |  973.8 |
       Dungeon |  10444 |  10086 |    358 |     69 |   8557 |  10 | 1044.4 |
        Temple |     50 |      2 |     48 |      0 |      0 |   1 |   50.0 |
          Lair |   2164 |   2089 |     75 |     60 |   1622 |   2 | 1082.0 |
               +--------+--------+--------+--------+--------+-----+--------+

Top non-repeatable levels by time:
     D:1: 1585 daAuts
  Lair:1: 1458 daAuts
     D:9: 1134 daAuts
     D:8: 1105 daAuts
     D:3: 1058 daAuts
     D:4: 1054 daAuts
     D:2: 1038 daAuts
     D:5: 1021 daAuts
    D:10: 975 daAuts
     D:7: 810 daAuts
  Lair:2: 706 daAuts
     D:6: 660 daAuts
  Temple: 50 daAuts
